AoeStats
← cfbarragan

Arabia

510224897Analyzed
1v1 RM · 2d ago on Sep 30, 2026· 38m 54s· 2 players
Game mode
Random Map
Map size
Tiny (2 player)
Population
200
Speed
Normal
Resources
Standard
Victory
Conquest
Starting age
Dark Age
Ending age
Imperial Age
RankedLock teamsTeams togetherTeam positionsShared explorationLock speedFull tech treeHidden civsTurbo modeCheats
Victory
Defeat
🇲🇽 Ethiopians · Mexico
1154
+15
🇦🇷 Armenians · Argentina
1136
-15
cfbarragan
7:47 Loom
10:08 Feudal Age
10:53 Double-Bit Axe
11:20 Horse Collar
13:20 Town Watch
15:03 Padded Archer Armor
18:19 Wheelbarrow
21:42 Castle Age
19:48 Fletching
19:53 Stone Mining
22:45 Bow Saw
22:36 Elite Skirmisher
24:10 Leather Archer Armor
26:19 Bodkin Arrow
26:25 Gold Mining
29:10 Ballistics
29:40 Husbandry
31:27 Scale Mail Armor
31:45 Man-at-Arms
32:12 Gambesons
32:14 Arson
33:25 Long Swordsman
34:26 Two-Handed Swordsman
tapiatemo
9:23 Loom
11:48 Feudal Age
16:43 Castle Age
16:49 Horse Collar
16:56 Double-Bit Axe
27:29 Scale Mail Armor
29:24 Chain Mail Armor
32:27 Royal Heirs
35:53 Forging
38:34 Iron Casting
Connection lost

Rejoining the realm…

Still unreachable

The connection could not be restored.

Session expired

The server has moved on; the page needs a fresh start.